 Dungeon Crawl Stone Soup version 0.30.0-30-g96aa6591b8 (webtiles) character file.

Game seed: 14761204700616613053

92240 howech the Severer (level 15, -5/207 HPs)
             Began as a Minotaur Berserker on June 28, 2023.
             Was a High Priest of Trog.
             Slain by an alligator (7 damage)
             ... on level 1 of the Swamp.
             The game lasted 01:54:38 (29823 turns).

howech the Severer (Minotaur Berserker)            Turns: 29823, Time: 01:54:39

Health: -5/207     AC: 18    Str: 25    XL:     15   Next: 57%
Magic:  0/14       EV: 12    Int:  8    God:    Trog [*****.]
Gold:   2910       SH:  6    Dex: 10    Spells: 14/14 levels left

rFire   . . .        a - +2 broad axe (flame)
rCold   . . .        L - +0 buckler
rNeg    . . .        I - +0 chain mail {Will+}
rPois   +            R - +2 hat
rElec   .            F - scarf {repulsion}
rCorr   .            e - +0 pair of gloves
SInv    .            s - +1 pair of boots
Will    ++...        l - amulet of guardian spirit Stlth
                     n - +4 ring of slaying
HPRegen 0.54/turn    B - ring of poison resistance
MPRegen 0.14/turn

%: repel missiles, guardian spirit
@: berserking, studying Polearms, very quick
A: horns 2, retaliatory headbutt
a: Renounce Religion, Berserk, Trog's Hand, Brothers in Arms


You were on level 1 of the Swamp.
You worshipped Trog.
Trog was extremely pleased with you.
You visited 5 branches of the dungeon, and saw 23 of its levels.

You collected 2910 gold pieces.

Inventory:

Hand Weapons
 a - a +2 broad axe of flaming (weapon)
 b - the +5 whip of the Little People {elec, rC+ rN+}
   (You found it on level 5 of the Dungeon)

   rC:        It protects you from cold.
   rN:        It protects you from negative energy.
 y - the +9 sling "Guewech" {heavy, Int+5}
   (You found it on level 4 of the Dungeon)

   Int:       It affects your intelligence (+5).
 D - the +6 battleaxe of Levity {heavy, Stlth+}
   (Trog gifted it to you on level 12 of the Dungeon)

   Stlth:     It makes you more stealthy.
Missiles
 h - an atropa-tipped dart
 x - 19 boomerangs (quivered)
 C - 5 javelins
 G - 45 poisoned darts
Armour
 e - a +0 pair of gloves (worn)
 s - a +1 pair of boots (worn)
 F - a scarf of repulsion (worn)
 I - a +0 chain mail of willpower (worn)
 L - a +0 buckler (worn)
 R - a +2 hat (worn)
 S - a +0 chain mail of poison resistance
 X - a +0 plate armour
Jewellery
 l - an amulet of guardian spirit (around neck)
 n - a +4 ring of slaying (left hand)
 B - a ring of poison resistance (right hand)
 O - an amulet of the acrobat
 P - a +6 ring of strength
 T - a ring of resist corrosion
 U - an amulet of regeneration
 Z - a ring of protection from cold
Wands
 m - a wand of quicksilver (3)
 o - a wand of flame (52)
 w - a wand of digging (5)
 z - a wand of mindburst (21)
 E - a wand of roots (9)
 Q - a wand of paralysis (4)
 V - a wand of polymorph (2)
Scrolls
 g - 10 scrolls of teleportation
 i - 7 scrolls of fear
 p - 5 scrolls of blinking
 q - 3 scrolls of enchant armour
 u - a scroll of enchant weapon
 M - 2 scrolls of poison
 N - a scroll of fog
Potions
 c - 5 potions of haste
 d - 4 potions of attraction
 f - a potion of berserk rage
 j - a potion of heal wounds
 k - 2 potions of might
 r - a potion of magic
 t - a potion of resistance
 v - a potion of ambrosia
 A - 12 potions of curing
 H - 5 potions of mutation
 Y - 2 potions of flight


   Skills:
 + Level 14.2 Fighting
 - Level 18.0 Axes
 - Level 6.4 Ranged Weapons
 - Level 5.0 Throwing
 + Level 11.4 Armour
 + Level 11.2 Dodging
 + Level 11.5 Shields
 + Level 10.3 Evocations


You had 14 spell levels left.
You didn't know any spells.
Your spell library was empty.

Dungeon Overview and Level Annotations

Branches:
Dungeon (14/15)            Temple (0/1) D:6            Lair (5/5) D:11
  Swamp (1/4) Lair:2        Snake (1/4) Lair:3        Slime (0/5) Lair:4
    Orc (2/2) D:12            Elf (0/3) Orc:2        Vaults (0/5) D:14

Altars:
Ashenzari
Cheibriados
Elyvilon
Hepliaklqana
Kikubaaqudgha
Nemelex Xobeh
Qazlal
Trog
Uskayaw
Vehumet
Wu Jian
Yredelemnul
Zin
The Shining One
Jiyva
Lugonu

Shops:
D:5 (   D:13 (   Orc:1 [   Orc:2 **[(   Snake:1 *

Portals:
Abyss: Lair:5

Annotations:
D:6 4 runed translucent doors
Lair:1 3 runed translucent doors, howech's ghost, novice MiBe; mkat's ghost, journeyman DrIE
Snake:1 2 transporters, cheesebisquit's ghost, adept DjIE


Innate Abilities, Weirdness & Mutations

You have a pair of horns on your head.
You reflexively headbutt those who attack you in melee.


Message History

You kill the swamp worm!
Trog accepts your kill.
The eleionoma flows through the trees.
The alligator puts on a burst of speed!
You slice the eleionoma!! You burn the eleionoma!
The eleionoma is heavily wounded.
Unknown command.
You slice the eleionoma!! You burn the eleionoma.
Your headbutt misses the eleionoma.
The eleionoma is severely wounded.
The eleionoma touches a tree and draws upon its vitality.
The eleionoma is healed.
Unknown command.
You closely miss the eleionoma. You headbutt the eleionoma!!
The eleionoma is heavily wounded.
Unknown command.
You completely miss the eleionoma.
The eleionoma is heavily wounded.
The eleionoma hits you.
* * * LOW HITPOINT WARNING * * *
Unknown command.
You slice the eleionoma!! You burn the eleionoma!
Your headbutt misses the eleionoma.
The eleionoma is almost dead.
Unknown command.
You slice the eleionoma!! You burn the eleionoma.
You kill the eleionoma!
Trog accepts your kill.
The alligator bites you but does no damage.
The alligator tail-slaps you.
* * * LOW HITPOINT WARNING * * *
Unknown command.
You slice the alligator!! You burn the alligator.
The alligator is heavily wounded.
Unknown command.
You barely miss the alligator.
The alligator is heavily wounded.
The alligator bites you!
* * * LOW HITPOINT WARNING * * *
The alligator tail-slaps you!
You die...

♣~..♣♣
♣♣♣.~~.♣ ♣♣
♣♣.♣~~.♣ ~.
♣<~.~♣.♣ ♣~♣
♣♣~.§~.♣♣..♣
♣♣)§.~..~♣
♣..~~~♣~♣
♣♣.~†~~$♣♣..
♣.~@†.~~....
♣.~~†t~~~~§.~
♣♣..~~~.~~$.~
♣$...§.~~.♣~
.§...~~.~~♣
....♣.~~....~
~♣..♣♣§~~".♣..
♣.♣.♣ ~~~.♣♣


You could see an alligator (swift).

Vanquished Creatures
  Rupert (Lair:4)
  A sphinx (D:14)
  A fenstrider witch (shapeshifter) (Lair:5)
  A frost giant (D:14)
  2 orc warlords
  An eleionoma (Swamp:1)
  Josephine (D:13)
  A yaktaur captain (D:14)
  A fire dragon (D:14)
  4 hydras
  A salamander tyrant (Snake:1)
  2 anacondas (Snake:1)
  Erica (D:10)
  2 catoblepae (D:14)
  7 boulder beetles
  2 two-headed ogres
  A naga warrior (Snake:1)
  5 death yaks
  5 orc high priests (Orc:2)
  3 thrashing horrors (Lair:5)
  A centaur warrior (D:14)
  2 naga sharpshooters (Snake:1)
  2 shock serpents (Snake:1)
  Sonja (Lair:4)
  2 salamander mystics (Snake:1)
  A bog body (Swamp:1)
  3 naga ritualists (Snake:1)
  8 orc knights
  5 mana vipers (Snake:1)
  4 manticores
  2 orc sorcerers (Orc:2)
  4 ugly things
  5 salamanders (Snake:1)
  A will-o-the-wisp (Swamp:1)
  6 cyclopes
  Maurice (D:13)
  2 large abominations (Lair:5)
  8 elephants
  16 black mambas
  A molten gargoyle (Lair:4)
  A smoke demon (Lair:5)
  3 gargoyles
  7 cane toads
  4 komodo dragons
  2 kobold demonologists
  A torpor snail (Lair:5)
  A freezing wraith (D:13)
  A tengu conjurer (D:14)
  2 ancient zymes (Lair:5)
  A burning bush (Lair:3)
  4 trolls
  A polar bear (Lair:3)
  Prince Ribbit (Lair:2)
  A tarantella (shapeshifter) (Lair:5)
  18 blink frogs
  9 slime creatures
  Sigmund (D:4)
  A shadow (D:11)
  3 wyverns
  A vampire (D:6)
  7 wraiths
  12 humans (D:14)
  19 yaks
  12 basilisks
  A steam dragon (D:10)
  A chaos spawn (Lair:5)
  4 vampire mosquitoes (D:11)
  5 nagas (Snake:1)
  3 swamp worms (Swamp:1)
  5 wargs
  14 water moccasins
  An acid dragon (D:13)
  A swamp drake (Lair:2)
  39 orc warriors
  11 small abominations (Lair:5)
  2 ice beasts
  2 black bears (shapeshifter)
  A boggart (shapeshifter) (Lair:5)
  4 ogres
  5 black bears
  3 wolves (Lair:1)
  A centaur (shapeshifter) (D:14)
  7 centaurs
  2 phantoms
  5 kobold brigands
  Blork the orc (D:6)
  6 bullfrogs
  4 gnoll sergeants
  3 scorpions
  9 wights
  9 killer bees
  10 howler monkeys
  5 hounds
  A gnoll bouda (D:5)
  3 jellies
  23 orc priests
  Ijyb (D:4)
  A sleepcap (D:5)
  Jessica (D:3)
  9 iguanas
  Natasha (thrice) (D:3)
  20 orc wizards
  A statue (D:4)
  15 gnolls
  9 adders
  2 shadow imps
  2 ufetubi
  10 worms
  5 dart slugs
  74 orcs
  3 ball pythons
  5 endoplasms
  5 giant cockroaches
  6 goblins
  5 hobgoblins
  11 jackals
  3 quokkas
  5 bats
  3 frilled lizards
  39 kobolds
  4 rats
  A spectral kobold (D:10)
665 creatures vanquished.

Vanquished Creatures (others)
  An orc (Orc:2)
  2 foxfires (Swamp:1)
3 creatures vanquished.

Grand Total: 668 creatures vanquished

Notes
Turn   | Place    | Note
-------+----------+-------------------------------------------
     0 | D:1      | howech the Minotaur Berserker began the quest for the Orb.
     0 | D:1      | Reached XP level 1. HP: 19/19 MP: 0/0
   210 | D:1      | Reached XP level 2. HP: 15/27 MP: 1/1
   486 | D:1      | Reached skill level 4 in Axes
   622 | D:1      | Found a faded altar of an unknown god.
   892 | D:2      | Reached XP level 3. HP: 32/33 MP: 2/2
   944 | D:2      | Reached XP level 4. HP: 27/40 MP: 3/3
  1028 | D:2      | Reached ** piety under Trog
  1660 | D:3      | Reached skill level 1 in Shields
  1668 | D:3      | Noticed Natasha
  1676 | D:3      | Killed Natasha
  1677 | D:3      | Reached skill level 1 in Throwing
  1677 | D:3      | Reached XP level 5. HP: 45/47 MP: 4/4
  1792 | D:3      | Noticed Natasha
  1798 | D:3      | Found a stormy altar of Qazlal.
  1800 | D:3      | Killed Natasha
  1801 | D:3      | Reached skill level 1 in Evocations
  1880 | D:3      | Noticed Natasha
  1886 | D:3      | Killed Natasha
  1887 | D:3      | Reached skill level 5 in Axes
  2091 | D:3      | Noticed Jessica
  2100 | D:3      | Killed Jessica
  2101 | D:3      | Reached XP level 6. HP: 53/53 MP: 5/5
  2112 | D:3      | Reached *** piety under Trog
  2495 | D:4      | Noticed Sigmund
  2502 | D:4      | Killed Sigmund
  2503 | D:4      | Reached skill level 6 in Axes
  2503 | D:4      | Reached XP level 7. HP: 60/60 MP: 6/6
  2918 | D:4      | Identified the +9 sling "Guewech" {heavy, Int+5}
  2918 | D:4      | Noticed a moth of wrath
  2927 | D:4      | Found a bloodstained altar of Trog.
  2927 | D:4      | Noticed Ijyb
  2932 | D:4      | Reached skill level 5 in Fighting
  2939 | D:4      | Killed Ijyb
  3052 | D:4      | Found a radiant altar of Vehumet.
  3167 | D:5      | Entered Level 5 of the Dungeon
  3187 | D:5      | Found Wapseg's Weapon Boutique.
  3308 | D:5      | Identified the +5 whip of the Little People {elec, rC+ rN+}
  3459 | D:5      | Reached skill level 1 in Ranged Weapons
  3662 | D:5      | Found the +5 robe of Misfortune {Harm *Corrode *Slow EV+5}
  3844 | D:5      | Reached XP level 8. HP: 43/68 MP: 7/7
  4389 | D:5      | Reached **** piety under Trog
  4451 | D:6      | Found a large runed translucent door.
  4452 | D:6      | Found a large runed translucent door.
  4455 | D:6      | Noticed a two-headed ogre
  4659 | D:6      | Reached skill level 7 in Axes
  4659 | D:6      | Reached skill level 5 in Armour
  4674 | D:6      | Found a staircase to the Ecumenical Temple.
  4721 | D:6      | Found a basalt altar of Yredelemnul.
  4785 | D:6      | Found a large runed translucent door.
  4787 | D:6      | Found a large runed translucent door.
  5118 | D:6      | Reached skill level 5 in Dodging
  5127 | D:6      | Noticed a manticore
  5137 | D:6      | Killed a manticore
  5138 | D:6      | Reached skill level 8 in Axes
  5138 | D:6      | Reached XP level 9. HP: 42/75 MP: 8/8
  5366 | D:6      | Noticed Blork the orc
  5368 | D:6      | Killed Blork the orc
  5603 | D:6      | Reached skill level 5 in Shields
  5701 | D:6      | Found a hide-covered altar of Uskayaw.
  6074 | D:7      | Reached skill level 9 in Axes
  6263 | D:7      | Found a sparkling altar of Nemelex Xobeh.
  6973 | D:8      | Found an ancient bone altar of Kikubaaqudgha.
  7033 | D:8      | Reached skill level 5 in Throwing
  7034 | D:8      | Reached XP level 10. HP: 86/86 MP: 9/9
  7145 | D:8      | Found a glowing silver altar of Zin.
  7145 | D:8      | Noticed an angel
  7292 | D:9      | Reached skill level 5 in Ranged Weapons
  7294 | D:9      | Reached skill level 10 in Axes
  7457 | D:9      | Found a white marble altar of Elyvilon.
  7734 | D:9      | Found a glowing golden altar of the Shining One.
  7744 | D:9      | Found a broken altar of Ashenzari.
  7847 | D:9      | Found an ornate altar of the Wu Jian Council.
  7983 | D:9      | Reached skill level 5 in Evocations
  8217 | D:10     | Entered Level 10 of the Dungeon
  8238 | D:10     | Noticed Erica
  8248 | D:10     | Killed Erica
  8249 | D:10     | Reached skill level 11 in Axes
  8294 | D:10     | Noticed a two-headed ogre
  8322 | D:10     | Killed a two-headed ogre
  8589 | D:10     | Found a hazy altar of Hepliaklqana.
  8721 | D:10     | Found a snail-covered altar of Cheibriados.
  9327 | D:10     | Noticed a gargoyle
  9343 | D:10     | Killed a gargoyle
  9344 | D:10     | Reached skill level 12 in Axes
  9344 | D:10     | Reached XP level 11. HP: 97/97 MP: 10/10
  9584 | D:11     | Noticed a two-headed ogre
  9593 | D:11     | Killed a two-headed ogre
  9919 | D:11     | Noticed a sun demon
 10051 | D:11     | Found a staircase to the Lair.
 10994 | Lair:1   | Entered Level 1 of the Lair of Beasts
 11021 | Lair:1   | Found a runed translucent gate.
 11022 | Lair:1   | Found a runed translucent gate.
 11022 | Lair:1   | Found a runed translucent gate.
 11022 | Lair:1   | Noticed howech's ghost (novice MiBe)
 11022 | Lair:1   | Noticed mkat's ghost (journeyman DrIE)
 11582 | Lair:1   | Reached skill level 13 in Axes
 12521 | Lair:2   | Reached skill level 10 in Fighting
 12671 | Lair:2   | Reached XP level 12. HP: 77/106 MP: 11/11
 13013 | Lair:2   | Found a staircase to the Swamp.
 13064 | Lair:2   | Identified the +4 robe "Bodont" {Int-5 Slay+6}
 13411 | Lair:2   | Noticed Prince Ribbit
 13432 | Lair:2   | Killed Prince Ribbit
 13889 | Lair:3   | Identified the +4 ring mail of the Storm King {Drain rPois
                  | rN+ Dex+2}
 13999 | Lair:3   | Found a staircase to the Snake Pit.
 14245 | Lair:3   | Reached skill level 14 in Axes
 14525 | Lair:3   | Reached ***** piety under Trog
 15070 | Lair:4   | Noticed Rupert
 15092 | Lair:4   | Killed Rupert
 15698 | Lair:4   | Noticed Sonja
 15702 | Lair:4   | Killed Sonja
 15789 | Lair:4   | Found a viscous altar of Jiyva.
 15790 | Lair:4   | Found a staircase to the Slime Pits.
 15983 | Lair:4   | Identified the +1 robe of Ryemuac {rN+ Will- Dex+2}
 16195 | Lair:4   | Identified a scroll of acquirement
 16195 | Lair:4   | Acquired 617 gold pieces
 16217 | Lair:5   | Entered Level 5 of the Lair of Beasts
 16217 | Lair:5   | Noticed a death yak
 16230 | Lair:4   | Killed a death yak
 16427 | Lair:5   | Noticed a six-headed hydra
 16441 | Lair:5   | Killed a ten-headed hydra
 16442 | Lair:5   | Reached XP level 13. HP: 116/116 MP: 12/12
 16563 | Lair:5   | Reached skill level 15 in Axes
 18632 | Lair:5   | Noticed a fenstrider witch
 18648 | Lair:5   | Killed a fenstrider witch
 18649 | Lair:5   | Reached skill level 16 in Axes
 19030 | Lair:5   | Found a corrupted altar of Lugonu.
 19030 | Lair:5   | Found a one-way gate to the infinite horrors of the Abyss.
 19044 | Lair:5   | Identified the staff of poison "Hijed" {rPois MP-9 Int+3
                  | Dex+2 Stlth+}
 19619 | D:12     | Found a snail-covered altar of Cheibriados.
 19750 | D:12     | Reached skill level 10 in Shields
 19750 | D:12     | Found a staircase to the Orcish Mines.
 19856 | D:12     | Identified the +6 battleaxe of Levity {heavy, Stlth+} (Trog
                  | gifted it to you on level 12 of the Dungeon)
 19856 | D:12     | Received a gift from Trog
 20008 | D:13     | Noticed Maurice
 20008 | D:13     | Found Direuf's Weapon Emporium.
 20017 | D:13     | Killed Maurice
 20018 | D:13     | Reached XP level 14. HP: 118/126 MP: 11/13
 20193 | D:13     | Reached skill level 10 in Armour
 20356 | D:13     | Noticed Josephine
 20366 | D:13     | Killed Josephine
 21656 | D:14     | Reached skill level 17 in Axes
 21783 | D:14     | Reached skill level 10 in Dodging
 21788 | D:14     | Noticed a sphinx
 21800 | D:14     | Found a gate to the Vaults.
 22203 | D:14     | Noticed a frost giant
 22225 | D:14     | Killed a frost giant
 22619 | D:14     | Killed a sphinx
 23086 | Orc:1    | Entered Level 1 of the Orcish Mines
 23248 | Orc:1    | Found Volamih's Armour Shop.
 23456 | Orc:1    | Found a transporter.
 23469 | Orc:1    | Found a transporter.
 23473 | Orc:1    | Found an ornate altar of the Wu Jian Council.
 23474 | Orc:1    | Found a transporter.
 23783 | Orc:1    | Found a transporter.
 23784 | Orc:1    | Found an ornate altar of the Wu Jian Council.
 23785 | Orc:1    | Noticed an orc warlord
 23860 | Orc:1    | Killed an orc warlord
 23886 | Orc:2    | Entered Level 2 of the Orcish Mines
 23886 | Orc:2    | Found a staircase to the Elven Halls.
 24596 | Orc:2    | Noticed an orc warlord
 24600 | Orc:2    | Reached skill level 18 in Axes
 24608 | Orc:2    | Killed an orc warlord
 25465 | Orc:2    | Reached XP level 15. HP: 55/136 MP: 4/14
 26256 | Orc:2    | Found Uroruq's Weapon Emporium.
 26256 | Orc:2    | Found Giamypp's Armour Emporium.
 26260 | Orc:2    | Found Oceg's General Store.
 26260 | Orc:2    | Found Qimoraeroa's General Store.
 26434 | Snake:1  | Entered Level 1 of the Snake Pit
 27968 | Snake:1  | Reached skill level 10 in Evocations
 29218 | Snake:1  | Found Veqess's General Store.
 29382 | Snake:1  | Found a transporter.
 29689 | Snake:1  | Noticed cheesebisquit's ghost (adept DjIE)
 29697 | Snake:1  | Found a bloodstained altar of Trog.
 29706 | Snake:1  | Found a transporter.
 29800 | Swamp:1  | Entered Level 1 of the Swamp
 29823 | Swamp:1  | HP: 2/207 [alligator (10)]
 29823 | Swamp:1  | Slain by an alligator

Illustrated notes

Levels and vault maps discovered:
D:1:      heliophobic_arrival_henge, layout_basic,
          chequers_ecumenical_altar_simple_redux, chequers_serial_rivers_marsh
D:2:      layout_rooms, kennysheep_crisscross, minmay_quantized
D:3:      layout_loops_ring, mainiacjoe_overflow_tiny_flanked,
          minmay_door_square, lexackson_kobold_supper, uniq_jessica,
          uniq_natasha
D:4:      layout_cave_pools, tgw_trog, vehumet_statue, hangedman_glass_teeth,
          uniq_ijyb, uniq_sigmund
D:5:      layout_basic, serial_shops, nicolae_shop_stone
D:6:      layout_basic, kennysheep_mini, nicolae_uskayaw_suspiria,
          minmay_temple_entry_mist, minmay_hollow_rounded_squares,
          uniq_blork_the_orc
D:7:      layout_loops_ring, nemelex_xobeh_ov_fountains_minmay
D:8:      layout_rooms, zin_angel, nicolae_overflow_crystal_walls,
          small_statue_alley_b
D:9:      layout_long_grid, nicolae_overflow_hidden_temple,
          jmf_multi_god_temple, elyvilon_altar_3
D:10:     layout_stronghold, mainiacjoe_overflow_six_doors_small,
          nicolae_hepliaklqana_monster_ancestors, st_stairs_5, uniq_erica
D:11:     layout_gridville, david_lair_generic
D:12:     layout_gridville, orc_0_dummy, kennysheep_slug_shrine
D:13:     layout_roguey, serial_shops, shop, minmay_parallelograms,
          uniq_maurice, uniq_josephine
D:14:     layout_roguey, ximxim_vaults_locker_room, hangedman_decor_points,
          minmay_checkered_concentric_circles
Lair:1:   layout_misc_corridors, gammafunk_ghost_cemetery, serial_bayou_shore_b
Lair:2:   layout_small_grid, minmay_swamp_entry_reptiles, uniq_prince_ribbit2
Lair:3:   layout_chaotic_city, minmay_snake_entry_six_corridors, evilmike_ambush
          [evilmike_ambush_outer_basic, evilmike_ambush_inner_pond],
          lemuel_fruit_fields
Lair:4:   layout_cave_pods, slime_entry_1, uniq_sonja, uniq_rupert
Lair:5:   hellmonk_lair_end_abyssal_woods, layout_gridlike,
          columned_hall_lemuel, nzn_sisyphean_effort
Swamp:1:  layout_falls_marsh, evilmike_swamp_ruin_wall
Snake:1:  layout_cave_shapes, gammafunk_ghost_wrathful_warriors, serial_shops,
          nicolae_shop_advertising_works [nicolae_subvault_shop_adworks],
          st_stairs_8, nicolae_snake_lava_pool
Orc:1:    dreamdust_wu_jian_sword_trials, layout_caves, serial_shops, shop,
          lemuel_statue_altar
Orc:2:    st_orc_pillars, layout_diamond_mine

Skill      XL: |  1  2  3  4  5  6  7  8  9 10 11 12 13 14 15 |
---------------+----------------------------------------------+-----
Fighting       | 4 5 6 7 9 10 11 12 13 14 | 14.2
Axes           | 4 5 6 8 9 12 13 14 16 18 | 18.0
Armour         | 3 4 5 7 8 9 10 11 | 11.4
Dodging        | 3 4 5 6 8 9 10 11 | 11.2
Shields        | 1 2 3 4 5 6 8 10 11 | 11.5
Throwing       | 1 2 3 5 |  5.0
Evocations     | 1 2 3 4 5 6 7 8 9 10 | 10.3
Ranged Weapons | 1 3 4 6 |  6.4

Action                     |  1- 3 |  4- 6 |  7- 9 | 10-12 | 13-15 || total
---------------------------+-------+-------+-------+-------+-------++-------
  Melee: Hand axe          |    58 |   135 |   244 |   527 |       ||   964
         Headbutt          |     4 |    28 |    56 |   136 |   225 ||   449
         Punch             |       |     1 |     5 |     2 |       ||     8
         Broad axe         |       |       |       |    58 |   594 ||   652
         War axe           |       |       |       |       |   229 ||   229
         Whip              |       |       |       |       |    14 ||    14
   Fire: Sling             |       |       |    22 |       |       ||    22
  Throw: Dart              |       |       |     4 |     2 |     4 ||    10
         Throwing net      |       |       |     3 |     1 |       ||     4
         Javelin           |       |       |     2 |    19 |    12 ||    33
         Boomerang         |       |       |       |    18 |   123 ||   141
 Invoke: Berserk           |     1 |     2 |     4 |     9 |    15 ||    31
         Trog's Hand       |       |     1 |     6 |     9 |    26 ||    42
         Brothers in Arms  |       |       |       |       |     1 ||     1
  Evoke: Wand              |       |       |       |     5 |     1 ||     6
    Use: Scroll            |       |     3 |    10 |    13 |     7 ||    33
         Potion            |       |       |       |     1 |     8 ||     9
   Stab: Invisible         |       |       |     1 |       |     7 ||     8
         Held in net/web   |       |       |     1 |       |       ||     1
         Paralysed         |       |       |       |     5 |     4 ||     9
         Confused          |       |       |       |     2 |       ||     2
         Petrified         |       |       |       |       |     4 ||     4
         Distracted        |       |       |       |       |     1 ||     1
 Armour: Ring mail         |    30 |    52 |    43 |       |       ||   125
         Animal skin       |     1 |       |       |       |       ||     1
         Chain mail        |       |       |    52 |   170 |   301 ||   523
  Dodge: Dodged            |    39 |    60 |   117 |   234 |   382 ||   832
         Repelled          |       |       |       |     8 |    16 ||    24
  Block: Buckler           |       |       |       |    70 |   206 ||   276
